 Dungeon Crawl Stone Soup version 0.31-a0-844-gdc52ec4e09 (webtiles) character file.

Game seed: 4187895134355739077

132 LeprechaunX the Changeling (level 5, 0/34 HPs)
             Began as an Octopode Shapeshifter on Sept 28, 2023.
             Slain by a sky beast (5 damage)
             ... on level 4 of the Dungeon.
             The game lasted 00:02:16 (2284 turns).

LeprechaunX the Changeling (Octopode Shapeshifter)  Turns: 2284, Time: 00:02:17

Health: 0/34       AC:  1    Str: 15    XL:     5   Next: 15%
Magic:  5/5        EV: 13    Int: 13    God:
Gold:   84         SH:  0    Dex: 11    Spells: 4/4 levels left

rFire   . .          .
                       - Unarmed
rCold   . . .        (no shield)
rNeg    . . .        (helmet currently unavailable)
rPois   .            (no amulet)
rElec   .            (no ring)
rCorr   .            (no ring)
SInv    .            (no ring)
Will    .....        (no ring)
Stlth   ++           (no ring)
HPRegen 0.25/turn    (no ring)
MPRegen 0.09/turn    (no ring)
                     (no ring)

%: no passive effects
@: beast-form
A: beast (slay +2), almost no armour, amphibious, 8 rings, camouflage 1,
gelatinous body 1, (nimble swimmer 1), tentacles
a: Begin Untransformation


You were on level 4 of the Dungeon.
You were a hulking beast.
You visited 1 branch of the dungeon, and saw 4 of its levels.

You collected 84 gold pieces.

Inventory:

Jewellery
 q - a ring of protection from fire
 s - a +6 ring of dexterity
Talismans
 b - a beast talisman (active)
 c - a flux talisman
Scrolls
 f - 2 scrolls of vulnerability {unknown}
 h - 2 scrolls of blinking {unknown}
 i - a scroll of teleportation {unknown}
 j - 2 scrolls of identify {unknown}
 k - a scroll of butterflies {unknown}
 l - a scroll of poison {unknown}
 m - 2 scrolls of silence {unknown}
 n - a scroll of fog {unknown}
 t - a scroll of noise {unknown}
Potions
 a - a potion of lignification
 d - a potion of resistance {unknown}
 e - a potion of might {unknown}
 g - a potion of brilliance {unknown}
 o - a potion of haste {unknown}
 p - a potion of curing {unknown}
 r - a potion of enlightenment {unknown}


   Skills:
 + Level 2.2 Fighting
 + Level 2.9 Dodging
 + Level 3.7 Unarmed Combat
 * Level 4.0 Shapeshifting


You had 4 spell levels left.
You didn't know any spells.
Your spell library contained the following spells:

 Spells                   Type           Power      Damage    Failure   Level
 Apportation              Tloc           0%         N/A       30%         1
 Necrotise                Necr           0%         1d4       30%         1
 Slow                     Hex            0%         N/A       30%         1
 Summon Small Mammal      Summ           0%         N/A       30%         1
 Confusing Touch          Hex            0%         N/A       67%         3
 Sigil of Binding         Hex            0%         N/A       67%         3
 Vampiric Draining        Necr           0%         2d6       67%         3


Dungeon Overview and Level Annotations

Branches:
Dungeon (4/15)
 Temple: D:4-7

Altars:

Annotations:
D:3 3 runed translucent doors, GreenGuy14's ghost, amateur DrSh


Innate Abilities, Weirdness & Mutations

You are a hulking beast.
Your limbs bulge with bestial killing power. (Slay +2)
You cannot wear most types of armour.
You are amphibious.
You can wear up to eight rings at the same time.
Your skin changes colour to match your surroundings (Stealth+).
Your rubbery body absorbs attacks. (AC +1, EV +1)
((You are camouflaged when in or above water. (Stealth+)))
You have tentacles for arms and can constrict up to eight enemies at once.


Message History

The goblin misses you.
You tentacle-slap the goblin.
You kill the goblin!
A sky beast comes into view.
The endoplasm freezes you.
You are frozen.
You tentacle-slap the endoplasm. You squeeze the endoplasm.
You kill the endoplasm!
You tentacle-slap the sky beast. Your squeeze misses the sky beast.
The sky beast is lightly wounded.
The sky beast hits you. The sky beast shocks you.
A sky beast is nearby!
A sky beast is nearby!
A sky beast is nearby!
Unknown command.
You bludgeon the sky beast!
The sky beast is moderately wounded.
The sky beast hits you. The sky beast shocks you.
You tentacle-slap the sky beast.
The sky beast is heavily wounded.
The sky beast misses you.
You barely miss the sky beast.
The sky beast is heavily wounded.
The sky beast misses you.
You tentacle-slap the sky beast.
The sky beast is heavily wounded.
The sky beast flickers out of sight!
Deactivating autopickup; reactivate with Ctrl-A.
Something hits you.
* * * LOW HITPOINT WARNING * * *
Something shocks you.
* * * LOW HITPOINT WARNING * * *
Found 13 gold pieces.
A sky beast appears from thin air!
Reactivating autopickup.
The sky beast attacks as it pursues you!
The sky beast barely misses you.
You barely miss the sky beast.
The sky beast is heavily wounded.
The sky beast hits you.
You die...

...... . ...#.. .#
...
.....#####.##....
#......#........
#.....#........
##.............
##.ยง)...........
##.Y#............
#.h##............
#...#.............
##........<.......
#...#.##..##.....
#...#.###.# ..#..
#...... #.. #
##.... .... ##..$
....# .....


You could see a sky beast.

Vanquished Creatures
  Robin (D:3)
  A gnoll (D:1)
  3 adders
  3 dart slugs
  6 endoplasms
  7 giant cockroaches
  9 goblins
  9 hobgoblins
  2 jackals (D:1)
  2 quokkas (D:1)
  10 ball pythons
  6 bats
  6 frilled lizards
  5 kobolds
  10 rats
80 creatures vanquished.

Notes
Turn   | Place    | Note
-------+----------+-------------------------------------------
     0 | D:1      | LeprechaunX the Octopode Shapeshifter began the quest for
                  | the Orb.
     0 | D:1      | Reached XP level 1. HP: 13/13 MP: 1/1
    38 | D:1      | Reached XP level 2. HP: 15/18 MP: 2/2
   262 | D:1      | Reached XP level 3. HP: 11/23 MP: 3/3
   270 | D:1      | HP: 1/23 [poisoned by a gnoll]
  1052 | D:2      | Reached XP level 4. HP: 25/29 MP: 4/4
  1070 | D:2      | Found a faded altar of an unknown god.
  1554 | D:3      | Noticed Robin
  1564 | D:3      | Killed Robin
  1755 | D:3      | Reached skill level 4 in Shapeshifting
  1755 | D:3      | Reached XP level 5. HP: 29/34 MP: 5/5
  1933 | D:3      | Found a runed translucent gate.
  1934 | D:3      | Found a runed translucent gate.
  2124 | D:3      | Found a runed translucent gate.
  2125 | D:3      | Noticed GreenGuy14's ghost (amateur DrSh)
  2271 | D:4      | Noticed a sky beast
  2284 | D:4      | Slain by a sky beast

Illustrated notes

Levels and vault maps discovered:
D:1:      dpeg_arrival_prison, layout_basic
D:2:      layout_basic, ebering_ecumenical_altar_webs
D:3:      layout_basic, ebering_ghost_rock_garden, uniq_robin
D:4:      layout_cave_pools

Skill      XL: |  1  2  3  4 |
---------------+-------------+-----
Fighting       | 2 |  2.2
Shapeshifting  | 4 |  4.0
Dodging        | |  2.9
Unarmed Combat | |  3.7

Action                     |  1- 3 |  4- 6 || total
---------------------------+-------+-------++-------
  Melee: Unarmed           |    87 |    73 ||   160
         Constrict         |    25 |    17 ||    42
         Tentacles         |    11 |    11 ||    22
         Punch             |     4 |     1 ||     5
   Stab: Sleeping          |     6 |     4 ||    10
 Armour: Skin              |    36 |    20 ||    56
  Dodge: Dodged            |    54 |    38 ||    92

Table legend: (Time is in decaauts)
 A = Elapsed time spent in this place.
 B = Non-inter-level travel time spent in this place.
 C = Inter-level travel time spent in this place.
 D = Time resting spent in this place.
 E = Time spent auto-exploring this place.
 F = Levels seen in this place.
 G = Mean time per level.
                   A        B        C        D        E       F      G
               +--------+--------+--------+--------+--------+-----+--------+
         Total |   2273 |   2188 |     85 |     47 |   1710 |   4 |  568.2 |
       Dungeon |   2273 |   2188 |     85 |     47 |   1710 |   4 |  568.2 |
               +--------+--------+--------+--------+--------+-----+--------+

Top non-repeatable levels by time:
     D:1: 999 daAuts
     D:3: 801 daAuts
     D:2: 452 daAuts
     D:4: 20 daAuts
